 Dungeon Crawl Stone Soup version 0.17-a0-1393-gcb420ff (webtiles) character file.

26 bal the Insei (level 3, 0/19 HPs)
             Began as a Vine Stalker Monk on June 16, 2015.
             Killed by nerve-wracking pain
             ... invoked by Jessica
              (2 damage)
             ... on level 2 of the Dungeon.
             The game lasted 00:04:17 (1351 turns).

bal the Insei (Vine Stalker Monk)                   Turns: 1351, Time: 00:04:17

Health: 0/19       AC:  4    Str: 14    XL:     3   Next: 8%
Magic:  0/4        EV: 13    Int: 10    God:
Gold:   68         SH:  0    Dex: 16    Spells: 0 memorised, 2 levels left

rFire  . . .     SeeInvis .       - Unarmed
rCold  . . .     Clarity  .     a - +0 robe
rNeg   . . .     SustAt   .     (no shield)
rPois  .         Gourm    .     j - +1 helmet
rElec  .         Spirit   +     (no cloak)
rCorr  .         Warding  .     (no gloves)
rMut   .         Stasis   .     (no boots)
MR     .....                    (no amulet)
Stlth  ++........               (no ring)
                                (no ring)

@: not resistant to hostile enchantments, unstealthy
A: fangs 2, regeneration 1, magic shield, antimagic bite, no device heal 3, rot
immunity
a: no special abilities


You were on level 2 of the Dungeon.
You were not hungry.

You visited 1 branch of the dungeon, and saw 2 of its levels.

You collected 68 gold pieces.

Inventory:

Missiles
 f - 22 sling bullets of frost
Armour
 a - a +0 robe (worn)
 j - a +1 helmet (worn)
Jewellery
 m - an uncursed amulet of stasis {unknown}
Scrolls
 c - a scroll of enchant weapon {unknown}
 e - a scroll of recharging {unknown}
 k - a scroll of fog {unknown}
Potions
 g - a potion of lignification {unknown}
 h - a potion of agility {unknown}
 l - a potion of curing {unknown}
Comestibles
 b - a bread ration
 d - 4 chunks of flesh
 i - a slice of pizza


   Skills:
 + Level 2.9 Fighting
 + Level 2.7 Dodging
 + Level 2.5 Stealth
 + Level 4.4 Unarmed Combat


You had 2 spell levels left.
You didn't know any spells.

Dungeon Overview and Level Annotations

Branches:
Dungeon (2/15)

Altars:
Zin
The Shining One

Annotations:
D:2 Jessica


Innate Abilities, Weirdness & Mutations

You have extremely sharp teeth.
Your natural rate of healing is unusually fast.
When hurt, damage is shared between your health and your magic reserves.
Your bite disrupts and absorbs the magic of your enemies.
Potions and wands cannot restore your health.
You are immune to rotting.


Message History

Jessica seems to speed up.
You hit Jessica. Your bite misses Jessica.
Jessica is almost dead.
Jessica casts a spell.
Jessica blinks!
Jessica zaps a wand.
The puff of frost misses you.
Jessica zaps a wand.
The puff of frost hits you!
* * * LOW HITPOINT WARNING * * *
Jessica shouts, "You're disturbing me!
I'll have to kill you!"
Jessica zaps a wand.
The puff of frost hits you!
* * * LOW HITPOINT WARNING * * *
Jessica casts a spell.
Jessica blinks!
Found a scroll labeled ETSEATRE YMMUFF.
Jessica mumbles some strange words.
Jessica blinks!
Jessica barely misses you. Jessica gestures at you while chanting.
Pain shoots through your body!
You die...

## ### #. ..# ####.
###.# .....###.#.# .
#........###)..
#..#..........#
#####..##....###.#
#..^..ยง..@@#)# #
#?###..###.#.# .
#........# #. #
#.####+#.# #.## #
.........# #... #
#####.....## #..# #
##.......## #..#####
#.........####.......
+.........+..........


You could see Jessica.

Vanquished Creatures
  A giant gecko (D:2)
  5 bats
  A giant cockroach (D:1)
  A goblin (D:1)
  5 hobgoblins
  4 kobolds
  2 giant newts (D:2)
  3 rats
22 creatures vanquished.

Notes
Turn   | Place    | Note
--------------------------------------------------------------
     0 | D:1      | bal the Vine Stalker Monk began the quest for the Orb.
     0 | D:1      | Reached XP level 1. HP: 11/11 MP: 2/2
   221 | D:1      | Reached XP level 2. HP: 16/16 MP: 3/3
  1095 | D:2      | Found a glowing silver altar of Zin.
  1148 | D:2      | Found a glowing golden altar of the Shining One.
  1204 | D:2      | Reached XP level 3. HP: 19/19 MP: 4/4
  1337 | D:2      | Noticed Jessica
  1351 | D:2      | Killed from afar by Jessica

Vault maps used:
D:1:      minmay_arrival_three_doors, serial_bayou_lagoon_a,
          minmay_three_crescents
D:2:      overflow_temple_1_default, nicolae_overflow_hidden_temple,
          uniq_jessica

Action                   || total
-------------------------++-------
Melee: Unarmed           ||    66
  Use: Scroll            ||     3
 Stab: Sleeping          ||     4
  Eat: Chunk             ||     1
